 Dungeon Crawl Stone Soup version 0.28-a0-95-g65e1ffefe4 (webtiles) character file.

Game seed: 6381014841808367757

(classic levelgen) 0 Amnesiac the Magician (level 1, 0/15 HPs)
             Began as a Djinni Hedge Wizard on Aug 8, 2021.
             Slain by a bat (1 damage)
             ... on level 1 of the Dungeon.
             The game lasted 00:01:50 (126 turns).

Amnesiac the Magician (Djinni Hedge Wizard)          Turns: 126, Time: 00:01:51

Health: 0/15       AC:  2    Str:  9    XL:     1   Next: 11%
Gold:   0          EV: 12    Int: 15    God:
                   SH:  0    Dex: 12

rFire   + + .      SeeInvis .   a - +0 dagger
rCold   x . .      Faith    .   (no shield)
rNeg    . . .      Spirit   .   b - +0 robe
rPois   ∞          Reflect  .   c - +0 hat
rElec   .          Harm     .   (no cloak)
rCorr   .          Rampage  .   (no gloves)
Will    .....                   (boots unavailable)
Stlth   ++........              (no amulet)
HPRegen 0.05/turn               (no ring)
MPRegen 0.00/turn               (no ring)

@: flying
A: sickness immunity, fire resistance 2, cold vulnerability 1, float, innate
caster, hp casting, extra vitality 1
a: no special abilities


You were on level 1 of the Dungeon.
You visited 1 branch of the dungeon, and saw 2 of its levels.

Inventory:

Hand Weapons
 a - a +0 dagger (weapon)
Armour
 b - a +0 robe (worn)
 c - a +0 hat (worn)


   Skills:
 + Level 2.2 Dodging
 - Level 1.5 Stealth
 * Level 2.4 Spellcasting


You couldn't memorise any spells.
You knew the following spells:

 Your Spells              Type           Power      Damage    Failure   Level
a - Magic Dart            Conj           36%        1d4       8%          1
b - Call Imp              Summ           9%         N/A       12%         2
c - Mephitic Cloud        Conj/Pois/Air  9%         N/A       24%         3
e - Slow                  Hex            9%         N/A       12%         2
s - Conjure Flame         Conj/Fire      9%         6-21      24%         3
v - Blink                 Tloc           N/A        N/A       12%         2
Your spell library was empty.

Dungeon Overview and Level Annotations

Branches:
Dungeon (2/15)

Altars:


Innate Abilities, Weirdness & Mutations

You are immune to sickness and miasma.
You are immune to poison.
Your flesh is very heat resistant. (rF++)
You are vulnerable to cold. (rC-)
You float through the air rather than walking.
You learn spells naturally, not from books.
Your magical power is your life essence.
You have superior vitality. (+4 HP)


Message History

Press: ? - help, Shift-Dir - straight line, f/p - hobgoblin
Aim: a hobgoblin (100% to hit)
The magic dart hits the hobgoblin.
The hobgoblin is heavily wounded.
* * * LOW HITPOINT WARNING * * *
The bat misses you.
A bat comes into view.
The bat barely misses you. The bat hits you but does no damage.
The bat moves out of view.
An endoplasm comes into view.
The bat barely misses you. The bat hits you but does no damage.
The bat barely misses you. The bat hits you but does no damage.
The bat misses you. The bat closely misses you. The bat closely misses you.
The bat misses you. The bat barely misses you. The bat hits you.
* * * LOW HITPOINT WARNING * * *
Unknown command.
Unknown command.
The bat hits you but does no damage.
Casting: Magic Dart (safe; 8% risk of failure)
Confirm with . or Enter, or press ? or * to list all spells.
Aiming: Magic Dart (safe; 8% risk of failure)
Press: ? - help, Shift-Dir - straight line, f/p - hobgoblin
Aim: a hobgoblin (moderately wounded, 100% to hit)
The magic dart hits the bat.
The bat is moderately wounded.
* * * LOW HITPOINT WARNING * * *
The bat barely misses you.
Casting: Magic Dart (safe; 8% risk of failure)
Confirm with . or Enter, or press ? or * to list all spells.
Aiming: Magic Dart (safe; 8% risk of failure)
Press: ? - help, Shift-Dir - straight line, f/p - hobgoblin
Aim: a hobgoblin (moderately wounded, 100% to hit)
The magic dart hits the bat.
You kill the bat!
* * * LOW HITPOINT WARNING * * *
The bat closely misses you. The bat hits you.
* * * LOW HITPOINT WARNING * * *
Casting: Magic Dart (safe; 8% risk of failure)
Confirm with . or Enter, or press ? or * to list all spells.
Aiming: Magic Dart (safe; 8% risk of failure)
Press: ? - help, Shift-Dir - straight line, f/p - hobgoblin
Aim: a hobgoblin (moderately wounded, 100% to hit)
You miscast Magic Dart.
You are very lightly contaminated with residual magic.
Nothing appears to happen.
* * * LOW HITPOINT WARNING * * *
The bat misses you. The bat hits you.
* * * LOW HITPOINT WARNING * * *
Casting: Magic Dart (safe; 8% risk of failure)
Confirm with . or Enter, or press ? or * to list all spells.
You don't have enough health to cast this spell.
The bat barely misses you. The bat hits you but does no damage.
The bat closely misses you. The bat barely misses you.
The bat closely misses you. The bat barely misses you.
The bat closely misses you.
A goblin comes into view. It is wielding a +0 club.
The goblin shouts!
You hear a shout!
The bat barely misses you.
Your magical contamination has completely faded away.
You reach down and open the door.
The bat hits you.
You die...

#.g..........
#####........
##########.....!..
..gg.....'........
##########........
##################
......#...†..g.g.#
..)...#.########b#
......#.# #@#
....g..b####
#.'...#
####........#
#.#...#
#..........
#.....#
#.......8.8 ##.
..# ........#+#
....# .........#
.g .. ........###
.....# .........#


You could see a hobgoblin, a goblin and a bat.

Vanquished Creatures
  A bat (D:1)
1 creature vanquished.

Notes
Turn   | Place    | Note
-------+----------+-------------------------------------------
     0 | D:1      | Amnesiac the Djinni Hedge Wizard began the quest for the
                  | Orb.
     0 | D:1      | Reached XP level 1. HP: 15/15 MP: 0/0
   126 | D:1      | Slain by a bat

Illustrated notes

Levels and vault maps discovered:
D:1:      sevenhm_arrival_forest_fort_small_4, layout_basic,
          dreamdust_ecumenical_altar_angels_and_demons, serial_park_tiny_1,
          wander_ebering_terrifying_dragon_lair
D:2:      layout_rooms, uniq_jessica, uniq_sigmund, uniq_robin

Action                   || total
-------------------------++-------
 Cast: Magic Dart        ||     4
Armor: Robe              ||     5
Dodge: Dodged            ||    23

Table legend: (Time is in decaauts)
 A = Elapsed time spent in this place.
 B = Non-inter-level travel time spent in this place.
 C = Inter-level travel time spent in this place.
 D = Time resting spent in this place.
 E = Time spent auto-exploring this place.
 F = Levels seen in this place.
 G = Mean time per level.
                   A        B        C        D        E       F      G
               +--------+--------+--------+--------+--------+-----+--------+
         Total |    126 |    126 |      0 |      0 |     29 |   2 |   63.0 |
       Dungeon |    126 |    126 |      0 |      0 |     29 |   2 |   63.0 |
               +--------+--------+--------+--------+--------+-----+--------+

Top non-repeatable levels by time:
     D:1: 124 daAuts
     D:2: 1 daAuts
